 Dungeon Crawl Stone Soup version 0.29-a0-330-g52719c12eb (webtiles) character file.

Game seed: 16417316179310920796

34017 wakim the Martial Artist (level 13, -6/110 HPs)
             Began as an Octopode Transmuter on Apr 13, 2022.
             Was an Initiate of Gozag.
             Mangled by a minotaur (29 damage)
             ... in a Gauntlet.
             The game lasted 01:42:48 (30432 turns).

wakim the Martial Artist (Octopode Transmuter)     Turns: 30432, Time: 01:42:49

Health: -6/110     AC: 10    Str: 18    XL:     13   Next: 74%
Magic:  29/29      EV: 12    Int: 25    God:    Gozag
Gold:   712        SH:  0    Dex: 18    Spells: 6/24 levels left

rFire   x . .      SeeInvis +     - Unarmed
rCold   + + +      Faith    .   (shield currently unavailable)
rNeg    . . .      Spirit   .   (helmet currently unavailable)
rPois   +          Reflect  .   k - amulet of Ahygideov {RegenMP rElec Str+7}
rElec   +          Harm     .   W - ring of see invisible
rCorr   .          Rampage  .   V - ring of magical power
Will    .....      Clarity  +   x - +6 ring of intelligence
Stlth   ++........ NoTele   +   p - +6 ring of dexterity
HPRegen 0.28/turn               q - ring of wizardry
MPRegen 0.61/turn               (no ring)
                                (no ring)
                                (no ring)

@: ice-form, invisible
A: freezing attack, boosted hp, almost no armour, amphibious, 8 rings, large,
(camouflage 1), (gelatinous body 1), (nimble swimmer 1), (tentacles), (tentacle
spike 2), clarity, low MP 1
a: End Transformation, Renounce Religion, Potion Petition, Call Merchant, Bribe
Branch


You were in a Gauntlet.
You worshipped Gozag.
Gozag was pleased with you.
You were a creature of crystalline ice.
You visited 3 branches of the dungeon, and saw 16 of its levels.
You also visited: Bailey and Gauntlet.

You collected 3359 gold pieces.
You spent 2086 gold pieces at shops.
You paid 561 gold pieces to Gozag.

Inventory:

Hand Weapons
 b - a +6 hunting sling of flaming (melded)
 o - the +12 dagger of Syczi {spect, rF++ rC- Str+3}
   (You found it on level 4 of the Lair of Beasts)

   When its wielder attacks, the weapon's spirit leaps out and strikes again.
   The spirit shares a part of any damage it takes with its wielder.
   Str:       It affects your strength (+3).
   rF:        It greatly protects you from fire.
   rC:        It makes you vulnerable to cold.
Missiles
 P - 23 poisoned darts
 U - a throwing net {=f!f}
 Z - 6 curare-tipped darts {=f}
Armour
 m - a +3 buckler of fire resistance (melded)
 D - a +2 hat of see invisible (melded)
Jewellery
 j - a ring of fire
 k - the amulet of Ahygideov (around neck) {RegenMP rElec Str+7}
   (You bought it in a shop on level 3 of the Lair of Beasts)

   [amulet of magic regeneration]

   It increases your rate of magic regeneration.
   Str:       It affects your strength (+7).
   rElec:     It insulates you from electricity.
 p - a +6 ring of dexterity (on tentacle)
 q - a ring of wizardry (on tentacle)
 x - a +6 ring of intelligence (on tentacle)
 V - a ring of magical power (right front paw)
 W - a ring of see invisible (left front paw)
Wands
 n - a wand of iceblast (11)
 t - a wand of digging (6)
 u - a wand of mindburst (18)
 v - a wand of flame (14)
 w - a wand of acid (4)
 z - a wand of polymorph (13)
Scrolls
 s - a scroll of amnesia
 y - a scroll of torment {!r}
 Q - 4 scrolls of immolation {!r!r}
 R - 4 scrolls of magic mapping {!r}
 S - 2 scrolls of summoning
 T - a scroll of teleportation
 X - a scroll of fog
 Y - 2 scrolls of blinking {!r}
Potions
 r - a potion of brilliance {unknown}
 A - 3 potions of ambrosia
 B - a potion of attraction {!q}
 C - 2 potions of berserk rage {!q}
 E - 2 potions of cancellation
 F - 3 potions of curing
 G - a potion of flight
 H - 2 potions of haste
 J - 2 potions of heal wounds
 K - 3 potions of magic
 L - 3 potions of lignification {!q}
 M - 3 potions of mutation {!q}
 N - 5 potions of might
 O - 3 potions of resistance
Miscellaneous
 l - a condenser vane (inert)


   Skills:
 + Level 10.0 Fighting
 - Level 4.0 Slings
 + Level 4.3 Dodging
 - Level 3.0 Stealth
 - Level 4.0 Shields
 + Level 12.2 Unarmed Combat
 + Level 6.4 Spellcasting
 - Level 3.6 Translocations
 * Level 11.2 Transmutations
 - Level 4.0 Ice Magic
 * Level 7.7 Air Magic


You had 6 spell levels left.
You knew the following spells:

 Your Spells              Type           Power      Damage    Failure   Level
a - Airstrike             Air            23%        N/A       1%          4
c - Ice Form              Ice/Tmut       46%        N/A       1%          4
q - Passwall              Tmut/Erth      30%        N/A       1%          2
s - Swiftness             Air            46%        N/A       1%          3
x - Spider Form           Tmut/Pois      36%        N/A       1%          3
B - Blink                 Tloc           52%        N/A       1%          2

Your spell library contained the following spells:

 Spells                   Type           Power      Damage    Failure   Level
 Beastly Appendage        Tmut           100%       N/A       1%          1
 Shock                    Conj/Air       100%       1d9       1%          1
 Sting                    Tmut/Pois      100%       1d8       1%          1
 Corpse Rot               Necr/Air       54%        N/A       1%          2
 Ensorcelled Hibernation  Hex/Ice        36%        N/A       1%          2
 Poisonous Vapours        Pois/Air       54%        N/A       1%          2
 Wereblood                Tmut           59%        N/A       1%          2
 Gell's Gravitas          Tloc           26%        N/A       1%          3
 Slow                     Hex            32%        N/A       2%          1
 Sublimation of Blood     Necr           8%         N/A       4%          2
 Confusing Touch          Hex            8%         N/A       9%          3
 Vampiric Draining        Necr           8%         2d6       9%          3
 Manifold Assault         Tloc           26%        N/A       17%         5
 Storm Form               Tmut/Air       26%        N/A       43%         7
 Summon Hydra             Summ           4%         N/A       100%        7
 Disjunction              Tloc           13%        N/A       100%        8


Dungeon Overview and Level Annotations

Branches:
Dungeon (10/15)            Temple (1/1) D:7            Lair (5/6) D:10
 Shoals (0/4) Lair:4       Spider (0/4) Lair:3          Orc (0/2) D:10
 Bailey (visited)         Gauntlet (1/1)
  Slime: Lair:5-6

Altars:
Ashenzari
Cheibriados
Dithmenos
Gozag
Kikubaaqudgha
Nemelex Xobeh
Sif Muna
Trog
Uskayaw
Wu Jian
Yredelemnul
Zin
The Shining One

Shops:
D:2 (:[:*   D:6 (   Lair:3 =

Annotations:
D:9 Psyche
Lair:2 3 runed translucent doors, exclusion: hydra, Grimalkyne's ghost, journeyman DrIE Gauntlet 6 transporters, 2 runed translucent doors


Innate Abilities, Weirdness & Mutations

You are a creature of crystalline ice.
You have a powerful freezing melee attack.
Your maximum health is increased.
Your armour is entirely melded.
You are incapable of wielding weapons or throwing items.
You cannot wear most types of armour.
You are amphibious.
You can wear up to eight rings at the same time.
((Your skin changes colour to match your surroundings (Stealth+).))
((Your rubbery body absorbs attacks. (AC +1, EV +1)))
((You are camouflaged when in or above water. (Stealth+)))
((You have tentacles for arms and can constrict up to eight enemies at once.))
((One of your tentacles bears a nasty spike.))
You possess an exceptional clarity of mind.
Your magical capacity is low. (-10% MP)


Message History

The minotaur is engulfed in noxious fumes.
You catch the helpless minotaur completely off-guard!
You punch the minotaur! You freeze the minotaur.
The minotaur is heavily wounded.
You punch the minotaur! You freeze the minotaur.
The minotaur is severely wounded.
The minotaur hits you! The minotaur gores you! 78/110 (-32)
You hit the minotaur. You freeze the minotaur.
The minotaur is severely wounded.
The minotaur seems less confused.
The minotaur hits you! The minotaur gores you. 59/110 (-19)
You hit the minotaur but do no damage.
The minotaur is severely wounded.
The minotaur closely misses you.
The minotaur gores you but does no damage. 60/110 (+1)
You hit the minotaur but do no damage.
The minotaur is severely wounded.
The minotaur hits you!
* * * LOW HITPOINT WARNING * * *
The minotaur gores you but does no damage. 49/110 (-11)
You hit the minotaur but do no damage.
The minotaur is severely wounded.
You punch the minotaur! You freeze the minotaur.
The minotaur is almost dead.
The minotaur barely misses you. x2
You barely miss the minotaur.
The minotaur is almost dead.
The minotaur hits you!!
* * * LOW HITPOINT WARNING * * *
The minotaur gores you but does no damage. 22/110 (-27) 23/110 (+1)
You fade into invisibility!
The minotaur hits you!!
You die...
Your body crumbles into a pile of gold.

#......######
..............#
..............#
##.###.###.####
#.###.###.###
............#
##.###.###.#
#.###.###.###.#
#......HY.....#
#######○#######
..§. ###.## ...
≈∩≈ ≈≈≈≈ #####


You could see a minotaur (can't see you).

Vanquished Creatures
  3 hydras
  A boulder beetle (Lair:2)
  A two-headed ogre (D:10)
  A death yak (shapeshifter) (Gauntlet)
  A death drake (Gauntlet)
  A lindwurm (Lair:1)
  A wolf spider zombie (Gauntlet)
  2 spectral centaurs (Gauntlet)
  A centaur zombie (Gauntlet)
  9 elephants
  Joseph (D:10)
  2 torpor snails (Lair:4)
  2 gargoyles
  Maurice (D:9)
  An unseen horror (D:10)
  2 rime drakes
  6 cane toads
  6 komodo dragons
  A polar bear (Lair:1)
  A troll (D:8)
  2 hornets
  A wind drake (shapeshifter) (Gauntlet)
  23 blink frogs
  6 flying skulls (Gauntlet)
  29 yaks
  A vampire (D:10)
  A wraith (D:9)
  2 steam dragons
  A basilisk (Lair:4)
  A warg (D:10)
  An acid dragon (D:10)
  Menkaure (D:7)
  9 water moccasins
  5 orc warriors
  A sky beast (D:7)
  An ice beast (D:7)
  2 black bears (D:5)
  2 ogres
  5 wolves (Lair:3)
  4 centaurs
  3 phantoms
  2 kobold brigands
  A gnoll sergeant (D:8)
  11 necrophages
  15 bullfrogs
  2 scorpions
  7 wights
  11 killer bees
  8 vampire bats (Bailey)
  4 wolf zombies (Bailey)
  4 howler monkeys
  4 jellies
  11 orc priests
  4 hounds
  2 gnoll shamans
  An iguana (D:6)
  16 orc wizards
  14 gnolls
  4 adders
  A shadow imp (D:6)
  A white imp (D:6)
  An ufetubus (D:6)
  A worm (D:4)
  A dart slug (D:2)
  28 orcs
  11 endoplasms
  A giant cockroach (D:1)
  11 goblins
  12 hobgoblins
  4 jackals (D:4)
  24 kobolds
  5 quokkas
  7 ball pythons
  4 bats
  4 frilled lizards
  18 orc zombies (Bailey)
  3 rats
403 creatures vanquished.

Vanquished Creatures (others)
  26 fungi
  94 plants
  14 withered plants (Gauntlet)
134 creatures vanquished.

Grand Total: 537 creatures vanquished

Notes
Turn   | Place    | Note
-------+----------+-------------------------------------------
     0 | D:1      | wakim the Octopode Transmuter began the quest for the Orb.
     0 | D:1      | Reached XP level 1. HP: 13/13 MP: 3/3
   167 | D:1      | !bestwep
   357 | D:1      | Reached skill level 1 in Stealth
   357 | D:1      | Reached XP level 2. HP: 18/18 MP: 5/5
   591 | D:1      | Found a faded altar of an unknown god.
  1073 | D:1      | Reached XP level 3. HP: 22/23 MP: 6/6
  1502 | D:2      | Learned a level 3 spell: Spider Form
  1629 | D:2      | Found Zemn's Weapon Boutique.
  1845 | D:2      | Found Goyhylug's Book Emporium.
  1892 | D:2      | Found Lolaeti's Armour Shop.
  1930 | D:2      | Found Sueschim's Book Shoppe.
  2005 | D:2      | Found Lirrosk's General Store.
  2328 | D:2      | Reached XP level 4. HP: 29/29 MP: 7/7
  2960 | D:3      | Reached skill level 4 in Unarmed Combat
  2960 | D:3      | Reached XP level 5. HP: 14/35 MP: 6/8
  3414 | D:3      | Learned a level 4 spell: Ice Form
  3601 | D:4      | Noticed an ogre
  3885 | D:4      | Killed an ogre
  3886 | D:4      | Reached XP level 6. HP: 41/41 MP: 9/9
  4409 | D:4      | Reached skill level 5 in Unarmed Combat
  4545 | D:4      | Reached XP level 7. HP: 32/46 MP: 9/11
  4872 | D:2      | Bought a scroll of blinking for 90 gold pieces
  4872 | D:2      | Bought a scroll of magic mapping for 42 gold pieces
  4925 | D:5      | Entered Level 5 of the Dungeon
  4951 | D:5      | Noticed a gargoyle
  5568 | D:5      | Reached skill level 1 in Ice Magic
  5998 | D:5      | Reached XP level 8. HP: 54/54 MP: 9/12
  6420 | D:5      | Reached skill level 6 in Unarmed Combat
  6420 | D:5      | Reached skill level 5 in Transmutations
  6724 | D:6      | Learned a level 2 spell: Passwall
  7311 | D:6      | Gained mutation: You have a pair of small antennae on your
                  | head. [potion of mutation]
  7311 | D:6      | Gained mutation: Potions are less effective at restoring
                  | your health. [potion of mutation]
  7311 | D:6      | Gained mutation: Your magical capacity is low. (-10% MP)
                  | [potion of mutation]
  7311 | D:6      | Gained mutation: You possess an exceptional clarity of
                  | mind. [potion of mutation]
  7595 | D:5      | Lost mutation: You have a pair of small antennae on your
                  | head. [potion of mutation]
  7595 | D:5      | Lost mutation: Potions are less effective at restoring your
                  | health. [potion of mutation]
  7595 | D:5      | Gained mutation: One of your tentacles bears a spike.
                  | [potion of mutation]
  7595 | D:5      | Gained mutation: One of your tentacles bears a nasty spike.
                  | [potion of mutation]
  7613 | D:6      | Found Jiodir Kako's Antique Weapon Shoppe.
  8548 | D:6      | Reached skill level 7 in Unarmed Combat
  8585 | D:6      | Reached XP level 9. HP: 59/59 MP: 12/12
  9111 | D:7      | Reached skill level 5 in Fighting
  9627 | D:7      | Found a staircase to the Ecumenical Temple.
  9636 | Temple   | Entered the Ecumenical Temple
  9641 | Temple   | Became a worshipper of Gozag Ym Sagoz the Greedy
  9722 | D:7      | Reached skill level 8 in Unarmed Combat
 10020 | D:7      | Noticed Menkaure
 10279 | D:7      | Learned a level 3 spell: Swiftness
 10313 | D:7      | Killed Menkaure
 10414 | D:8      | Noticed a troll
 10427 | D:8      | Killed a troll
 10428 | D:8      | Reached skill level 1 in Air Magic
 10827 | D:8      | Found a flagged portal.
 10846 | Bailey   | Entered a bailey
 11050 | Bailey   | Reached XP level 10. HP: 68/68 MP: 13/13
 12159 | Bailey   | Noticed a gargoyle
 12177 | Bailey   | Killed a gargoyle
 12178 | Bailey   | Reached skill level 9 in Unarmed Combat
 12623 | D:2      | Bought a +4 hunting sling of flaming for 271 gold pieces
 14987 | D:2      | Bought an Inescapable Atlas for 374 gold pieces
 15704 | D:9      | Noticed Maurice
 16015 | D:8      | !bestwep
 16234 | D:9      | Reached skill level 1 in Shields
 16250 | D:9      | Killed Maurice
 16515 | D:9      | Noticed a two-headed ogre
 16687 | D:9      | Noticed Psyche
 16707 | D:9      | Found a shimmering blue altar of Sif Muna.
 16939 | D:9      | Reached skill level 10 in Unarmed Combat
 16950 | D:10     | Entered Level 10 of the Dungeon
 16974 | D:10     | Reached skill level 5 in Spellcasting
 16976 | D:10     | Reached XP level 11. HP: 75/75 MP: 16/16
 17182 | D:10     | Learned a level 2 spell: Blink
 17552 | D:10     | Noticed a two-headed ogre
 17595 | D:10     | HP: 4/90 [hornet (9)]
 17930 | D:10     | Reached skill level 1 in Slings
 18049 | D:10     | Killed a two-headed ogre
 18086 | D:10     | Noticed Joseph
 18155 | D:10     | Killed Joseph
 18558 | D:2      | Bought a potion of resistance for 120 gold pieces
 18558 | D:2      | Bought a potion of haste for 120 gold pieces
 18558 | D:2      | Bought 2 potions of lignification for 72 gold pieces
 18719 | D:10     | Found a staircase to the Lair.
 19259 | D:10     | Found a staircase to the Orcish Mines.
 19345 | Lair:1   | Entered Level 1 of the Lair of Beasts
 20084 | Lair:1   | Found a hide-covered altar of Uskayaw.
 20496 | Lair:1   | Noticed a lindwurm
 20504 | Lair:1   | Killed a lindwurm
 20797 | Lair:1   | Reached skill level 11 in Unarmed Combat
 20840 | Lair:1   | Reached skill level 1 in Translocations
 21494 | Lair:2   | Reached XP level 12. HP: 84/84 MP: 17/17
 21752 | Lair:2   | Noticed a boulder beetle
 21813 | Lair:2   | Killed a boulder beetle
 22080 | Lair:2   | Noticed an eight-headed hydra
 22102 | Lair:2   | Killed an eight-headed hydra
 22554 | Lair:2   | Found a runed translucent gate.
 22555 | Lair:2   | Found a runed translucent gate.
 22556 | Lair:2   | Found a runed translucent gate.
 23150 | Lair:2   | Noticed a five-headed hydra
 23358 | Lair:2   | Noticed a ten-headed hydra
 23358 | Lair:2   | Noticed Grimalkyne's ghost (journeyman DrIE)
 23358 | Lair:2   | Noticed a nine-headed hydra
 23567 | Lair:3   | Noticed a six-headed hydra
 24339 | Lair:3   | Reached skill level 5 in Air Magic
 25687 | Lair:3   | Found a hole to the Spider Nest.
 25705 | Lair:3   | Reached skill level 10 in Transmutations
 25892 | Lair:3   | Reached XP level 13. HP: 59/90 MP: 19/19
 27057 | Lair:4   | Found a staircase to the Shoals.
 27057 | Lair:4   | Identified the +12 dagger of Syczi {spect, rF++ rC- Str+3}
 27061 | Lair:4   | !bestwep
 27697 | Lair:3   | Reached skill level 12 in Unarmed Combat
 28044 | Lair:4   | Learned a level 4 spell: Airstrike
 28911 | Lair:3   | Bought the amulet of Ahygideov {RegenMP rElec Str+7} for
                  | 997 gold pieces
 29176 | Lair:5   | Found a gate leading to a gauntlet.
 29186 | Gauntlet | Entered a Gauntlet
 29186 | Gauntlet | Found a transporter.
 29186 | Gauntlet | Found a transporter.
 29191 | Gauntlet | Found a transporter.
 29192 | Gauntlet | Found a transporter.
 29194 | Gauntlet | Found a transporter.
 29195 | Gauntlet | Found a transporter.
 29201 | Gauntlet | Found a transporter.
 29203 | Gauntlet | Found a transporter.
 29204 | Gauntlet | Found a transporter.
 29206 | Gauntlet | Found a transporter.
 29210 | Gauntlet | Found a runed translucent door.
 29212 | Gauntlet | Found a runed translucent door.
 29214 | Gauntlet | Found a transporter.
 29225 | Gauntlet | Found a transporter.
 29578 | Gauntlet | Noticed a broodmother
 29578 | Gauntlet | a wolf spider changed into a broodmother
 29586 | Gauntlet | a broodmother changed into a goliath frog
 29642 | Gauntlet | Noticed an entropy weaver
 29642 | Gauntlet | a goliath frog changed into an entropy weaver
 29680 | Gauntlet | Got the Grimoire of the Mutagenic Compass
 29707 | Gauntlet | an entropy weaver changed into a death yak
 29982 | Gauntlet | Reached skill level 10 in Fighting
 30416 | Gauntlet | Noticed a minotaur
 30432 | Gauntlet | Mangled by a minotaur

Illustrated notes

......# #####.# ......#
#.....# ......# #.†...#
......### #.....######
........## #...........
......#..## #.....#####
##...##...###.....#####
......................#
................@.....#
≈≈≈≈≈≈≈≈≈≈≈≈≈≈≈≈≈≈≈≈≈..?.
≈≈≈≈≈≈≈≈≈≈≈≈≈≈≈≈≈≈≈≈≈....
≈≈≈≈≈≈≈≈≈≈≈≈≈≈≈≈≈≈≈≈≈....
≈#'#'#≈≈≈≈≈≈≈#+#+#≈≈≈....
≈'>..##'###'##...+≈≈≈....
≈'...'.......'...+≈≈≈....
≈#'###.#####.###'#≈≈≈...
≈≈≈#...#...#...'≈≈≈≈≈...


Turn 167 on D:1: !bestwep ...♣.♣.............## ..P.P.............##
..............##### ##..###[).....# ##### ##......# #).....# #.###)(####
#.[....#..## ## ###..)...@.# ##. #####..))...# #.. #..##..##...# #.. #
#..##..##...# #.. #######.['...##..## #.. .....)(..#...###### #..
[....##..##...#...# #####. ...).##..##...#...# #..##. ##....[..######...# #.....
Turn 16015 on D:8: !bestwep #....# ##......#.##...(....... #....## #.......##
.≈≈..≈.≈ ##P...## ##.......##≈#≈≈≈.## ##...#.# #.......##≈≈##≈≈.≈
#.#..#.#####.#........≈#.. ##...#..P##..P.........≈.> ##....................#
##....#######......≈## ##.### #..Y.....≈# #.# #.#.......≈... #.# ..........$....
... $............... ##. ................. ## ######........... .#..........
####......... Turn 27061 on Lair:4: !bestwep

Levels and vault maps discovered:
D:1:      dpeg_arrival_castle, layout_rooms, basic_ecumenical_altar,
          roderic_serpentine_path, minmay_ruptured
D:2:      wander_river, layout_basic, serial_shops, nicolae_shop_stone, shop,
          nicolae_square_shop, nicolae_shop_crystal, shop, chequers_garden
D:3:      layout_rooms
D:4:      layout_cave_pools
D:5:      layout_cave_pods, dreamdust_princess_corridor,
          nicolae_figureground_pulse
D:6:      layout_loops_corners, serial_shops, nicolae_shop_statue_plus
D:7:      layout_rooms, minmay_temple_entry_drinking_statues, uniq_menkaure
D:8:      kennysheep_housing_project, layout_gridville, enter_bailey_5
D:9:      layout_irregular_city, kennysheep_orc_sif_temple, grunt_ministairs_12,
          uniq_maurice, uniq_psyche
D:10:     layout_irregular_city, david_lair_shrubbed, david_orc_3, uniq_joseph
Temple:   compressed_dpeg_triangle_lava_temple
Lair:1:   layout_gridlike, basic_altar, nicolae_lair_lindhole,
          grunt_megastairs_5
Lair:2:   layout_regular_city, serial_rivers, chequers_serial_rivers_micro_a,
          chequers_serial_rivers_micro_d, chequers_serial_rivers_small_b,
          chequers_serial_rivers_micro_b, chequers_serial_rivers_large_b,
          gammafunk_ghost_hydra_chop, roderic_carrion_pond,
          infiniplex_staircase_pool
Lair:3:   layout_loops_ring, spider_nest_entry_web_field
Lair:4:   layout_gridlike, elwin_shoals_entry_rocks, beast_lair_carwin_2,
          lemuel_fruit_tree
Lair:5:   layout_loops_ring, gauntlet_entry_generic, grunt_megastairs_3
Gauntlet: minmay_gauntlet_mixed_big_or_small
          [gammafunk_gauntlet_arena_arrow_garden, minmay_gauntlet_arena_77_box,
          gammafunk_gauntlet_arena_mazey,
          minmay_gauntlet_arena_77_radiant_squares,
          gammafunk_gauntlet_arena_spirals, minmay_gauntlet_arena_77_cramped,
          gauntlet_exit_watery]

Skill      XL: |  1  2  3  4  5  6  7  8  9 10 11 12 13 |
---------------+----------------------------------------+-----
Stealth        | 1 2 3 |  3.0
Fighting       | 2 3 4 5 7 8 9 10 | 10.0
Unarmed Combat | 4 5 7 8 10 11 12 | 12.2
Transmutations | 3 4 6 7 8 10 11 | 11.2
Spellcasting   | 3 5 6 |  6.4
Ice Magic      | 1 3 4 |  4.0
Air Magic      | 2 3 4 5 7 |  7.7
Shields        | 2 4 |  4.0
Slings         | 4 |  4.0
Translocations | 1 3 |  3.6
Dodging        | 4 |  4.3

Action                   |  1- 3 |  4- 6 |  7- 9 | 10-12 | 13-15 || total
-------------------------+-------+-------+-------+-------+-------++-------
Melee: Unarmed           |    42 |    70 |   250 |   606 |   217 ||  1185
       Constrict         |    10 |     9 |    12 |    14 |       ||    45
       Tentacles         |     9 |     6 |    14 |     9 |       ||    38
       Kick              |     5 |     5 |    21 |    14 |       ||    45
       Punch             |     2 |     2 |     7 |     2 |       ||    13
       Hunting sling     |       |       |     1 |       |       ||     1
 Fire: Hunting sling     |    77 |    94 |    61 |   132 |     7 ||   371
Throw: Dart              |       |     1 |    10 |     3 |       ||    14
 Cast: Beastly Appendage |    12 |     9 |     3 |       |       ||    24
       Spider Form       |       |     4 |    20 |    22 |       ||    46
       Ice Form          |       |       |    13 |    53 |    22 ||    88
       Blink             |       |       |       |     3 |     1 ||     4
       Swiftness         |       |       |       |     1 |       ||     1
       Airstrike         |       |       |       |       |     6 ||     6
Invok: Call Merchant     |       |       |       |       |     1 ||     1
 Abil: End Transformatio |       |       |     2 |     5 |       ||     7
Evoke: Wand              |       |       |     1 |     4 |       ||     5
       Condenser vane    |       |       |       |       |     1 ||     1
  Use: Potion            |       |     1 |     3 |     5 |     8 ||    17
       Scroll            |       |       |    11 |    10 |     4 ||    25
 Stab: Sleeping          |     2 |     2 |     3 |     1 |     1 ||     9
       Held in net/web   |       |       |       |     3 |       ||     3
       Distracted        |       |       |       |     2 |     2 ||     4
       Invisible         |       |       |       |       |     5 ||     5
       Confused          |       |       |       |       |     2 ||     2
Armor: Skin              |     7 |    15 |    43 |   154 |    93 ||   312
Dodge: Dodged            |    23 |    54 |   159 |   353 |   114 ||   703
Block: Buckler           |       |       |       |     9 |     4 ||    13

Table legend: (Time is in decaauts)
 A = Elapsed time spent in this place.
 B = Non-inter-level travel time spent in this place.
 C = Inter-level travel time spent in this place.
 D = Time resting spent in this place.
 E = Time spent auto-exploring this place.
 F = Levels seen in this place.
 G = Mean time per level.
                   A        B        C        D        E       F      G
               +--------+--------+--------+--------+--------+-----+--------+
         Total |  30410 |  28260 |   2150 |   4628 |  17920 |  18 | 1689.4 |
       Dungeon |  18395 |  16637 |   1758 |   3376 |   9770 |  10 | 1839.5 |
        Temple |     14 |      9 |      5 |      0 |      2 |   1 |   14.0 |
          Lair |   9339 |   8952 |    387 |   1107 |   6365 |   5 | 1867.8 |
        Bailey |   1435 |   1435 |      0 |      0 |   1041 |   1 | 1435.0 |
      Gauntlet |   1225 |   1225 |      0 |    145 |    742 |   1 | 1225.0 |
               +--------+--------+--------+--------+--------+-----+--------+

Top non-repeatable levels by time:
  Lair:2: 3117 daAuts
  Lair:3: 2903 daAuts
     D:6: 2745 daAuts
     D:8: 2679 daAuts
     D:5: 2176 daAuts
    D:10: 2006 daAuts
     D:7: 1800 daAuts
  Lair:4: 1730 daAuts
     D:4: 1725 daAuts
  Lair:1: 1579 daAuts
     D:2: 1555 daAuts
     D:1: 1479 daAuts
  Bailey: 1435 daAuts
     D:9: 1290 daAuts
Gauntlet: 1225 daAuts
